 Dungeon Crawl Stone Soup version 0.29-a0-887-gcbe080d7e0 (webtiles) character file.

Game seed: 13420618737554427560

67 oldmanjim the Insei (level 4, -4/28 HPs)
             Began as an Octopode Transmuter on July 21, 2022.
             Slain by a gnoll
             ... wielding a +0 halberd
              (11 damage)
             ... on level 2 of the Dungeon on July 22, 2022.
             The game lasted 00:09:31 (1835 turns).

oldmanjim the Insei (Octopode Transmuter)           Turns: 1835, Time: 00:09:33

Health: -4/28      AC:  1    Str:  9    XL:     4   Next: 16%
Magic:  7/7        EV: 13    Int: 17    God:
Gold:   69         SH:  0    Dex: 18    Spells: 3/7 levels left

rFire   . . .      SeeInvis .     - Unarmed
rCold   . . .      Faith    .   (no shield)
rNeg    . . .      Spirit   .   (helmet currently unavailable)
rPois   .          Reflect  .   (no amulet)
rElec   .          Harm     .   f - +6 ring of dexterity
rCorr   .          Rampage  .   (no ring)
Will    .....                   (no ring)
Stlth   +++.......              (no ring)
HPRegen 0.09/turn               (no ring)
MPRegen 0.10/turn               (no ring)
                                (no ring)
                                (no ring)

@: appendages (expiring)
A: tentacle spike 3, almost no armour, amphibious, 8 rings, camouflage 1,
gelatinous body 1, (nimble swimmer 1), tentacles
a: End Transformation


You were on level 2 of the Dungeon.
One of your tentacles had grown a beastly spike.
You visited 1 branch of the dungeon, and saw 2 of its levels.

You collected 69 gold pieces.

Inventory:

Missiles
 i - 5 stones
Armour
 h - a +0 tower shield
Jewellery
 f - a +6 ring of dexterity (left tentacle)
Scrolls
 a - a scroll of poison {unknown}
 c - 2 scrolls of identify {unknown}
 d - 2 scrolls of teleportation {unknown}
 e - a scroll of brand weapon {unknown}
Potions
 b - a potion of curing {unknown}
 g - a potion of flight {unknown}


   Skills:
 - Level 1.0 Fighting
 - Level 2.0 Dodging
 - Level 4.0 Unarmed Combat
 - Level 2.0 Spellcasting
 + Level 3.4 Transmutations
 + Level 0.1 Poison Magic


You had 3 spell levels left.
You knew the following spells:

 Your Spells              Type           Power      Damage    Failure   Level
a - Beastly Appendage     Tmut           26%        N/A       4%          1
b - Spider Form           Tmut/Pois      7%         N/A       28%         3

Your spell library contained the following spells:

 Spells                   Type           Power      Damage    Failure   Level
 Wereblood                Tmut           13%        N/A       8%          2
 Sandblast                Erth           2%         2d4       19%         1
 Ice Form                 Ice/Tmut       7%         N/A       67%         4


Dungeon Overview and Level Annotations

Branches:
Dungeon (2/15)

Altars:
Kikubaaqudgha

Annotations:
D:2 1 runed translucent door, Crazy Yiuf


Innate Abilities, Weirdness & Mutations

One of your tentacles has grown a beastly spike.
You cannot wear most types of armour.
You are amphibious.
You can wear up to eight rings at the same time.
Your skin changes colour to match your surroundings (Stealth+).
Your rubbery body absorbs attacks. (AC +1, EV +1)
((You are camouflaged when in or above water. (Stealth+)))
You have tentacles for arms and can constrict up to eight enemies at once.


Message History

A giant cockroach is nearby!
Casting: Beastly Appendage (safe; 4% risk of failure)
Confirm with . or Enter, or press ? or * to list all spells.
One of your tentacles grows a vicious spike.
A giant cockroach comes into view.
You see here 5 stones.
The helpless giant cockroach fails to defend itself.
You tentacle-slap the giant cockroach. You grab the giant cockroach.
You pierce the giant cockroach.
You kill the giant cockroach!
The giant cockroach closely misses you.
You barely miss the giant cockroach. You grab the giant cockroach.
You pierce the giant cockroach.
You squeeze the giant cockroach.
You kill the giant cockroach!
i - 5 stones A bat comes into view.
You see here a glowing inky potion. 3 gnolls come into view.
A gnoll comes into view. It is wielding a +0 halberd.
The helpless gnoll fails to defend itself.
You tentacle-slap the gnoll. You grab the gnoll.
The gnoll is lightly wounded.
Your transformation is almost over.
You constrict the gnoll. The gnoll misses you.
You tentacle-slap the gnoll but do no damage.
You pierce the gnoll, but do no damage.
The gnoll is lightly wounded.
You constrict the gnoll, but do no damage.
The gnoll shouts!
The gnoll barely misses you.
The gnoll hits you from afar with a +0 halberd!
The gnoll shouts! x2
You tentacle-slap the gnoll but do no damage.
You squeeze the gnoll!
The gnoll is almost dead.
You constrict the gnoll, but do no damage.
The gnoll hits you from afar with a +0 halberd!
* * * LOW HITPOINT WARNING * * *
The gnoll hits you with a +0 halberd!
You die...

..# ##≈≈≈≈≈≈≈≈≈≈≈≈ #.#
#.###≈≈≈≈≈≈≈≈≈≈≈≈≈≈# #.#
#.##≈≈≈≈≈≈≈≈≈≈≈≈≈≈≈≈ #.#
#.#≈≈≈≈≈≈≈≈≈≈≈≈≈≈≈≈≈ #.#
#.#≈≈≈≈≈≈≈≈≈≈≈≈≈≈≈≈≈ #.#
#.#≈≈≈≈≈≈≈#..#≈≈≈≈≈≈ #.#
#.'........# g...g.. +.#
#.'.......!##gg..... +.#
#.#≈≈≈≈≈≈≈#.@# #.#
#.#≈≈≈≈≈≈≈≈≈≈≈b≈≈≈≈≈ #.#
#.#≈≈≈≈≈≈≈≈≈≈≈≈≈≈≈≈≈ #.#
#####.##≈≈≈≈≈≈≈≈≈≈≈≈≈≈≈≈##.#
.......##≈≈≈≈≈≈≈≈≈≈≈≈≈≈##†.#
###.##..##≈≈≈≈≈≈≈≈≈≈≈≈##..##
.......†<##≈≈≈≈≈≈≈≈≈≈##..##
..........##≈≈≈≈≈≈≈≈##..##
.._........##########..##


You could see 4 gnolls and a bat.

Vanquished Creatures
  3 adders (D:2)
  3 bats
  5 endoplasms
  3 giant cockroaches (D:2)
  4 goblins
  3 hobgoblins
  3 jackals (D:1)
  A kobold (D:1)
  2 quokkas
  3 ball pythons
  2 frilled lizards (D:2)
  4 rats
36 creatures vanquished.

Vanquished Creatures (others)
  2 plants (D:2)
2 creatures vanquished.

Grand Total: 38 creatures vanquished

Notes
Turn   | Place    | Note
-------+----------+-------------------------------------------
     0 | D:1      | oldmanjim the Octopode Transmuter began the quest for the
                  | Orb.
     0 | D:1      | Reached XP level 1. HP: 13/13 MP: 3/3
   267 | D:1      | Reached XP level 2. HP: 17/18 MP: 1/5
   731 | D:1      | Reached XP level 3. HP: 23/23 MP: 4/6
   736 | D:1      | Learned a level 3 spell: Spider Form
   857 | D:2      | Found a runed translucent door.
   858 | D:2      | Noticed Crazy Yiuf
   916 | D:2      | HP: 1/34 [poisoned by an adder]
  1314 | D:2      | Found a faded altar of an unknown god.
  1322 | D:2      | Got Plato's Reference Book on Silt
  1676 | D:2      | Reached skill level 4 in Unarmed Combat
  1721 | D:2      | Reached XP level 4. HP: 24/28 MP: 7/7
  1789 | D:2      | Found an ancient bone altar of Kikubaaqudgha.
  1835 | D:2      | Slain by a gnoll

Illustrated notes

Levels and vault maps discovered:
D:1:      lemuel_arrival_behind_the_door_large, layout_basic,
          chequers_serial_rivers_micro_a, minmay_misc_feat_enclosed
D:2:      kennysheep_big_flooded_room, layout_basic,
          shapermc_ecumenical_altar_rom_forum, basic_altar, uniq_natasha,
          uniq_crazy_yiuf_cottage

Skill      XL: |  1  2  3 |
---------------+----------+-----
Transmutations | 3 |  3.4
Unarmed Combat | 4 |  4.0
Fighting       | |  1.0
Dodging        | |  2.0
Spellcasting   | |  2.0
Poison Magic   | |  0.1

Action                   |  1- 3 |  4- 6 || total
-------------------------+-------+-------++-------
Melee: Unarmed           |    76 |     7 ||    83
       Kick              |    22 |     4 ||    26
       Constrict         |    20 |     4 ||    24
       Tentacles         |    12 |     2 ||    14
       Punch             |     1 |       ||     1
 Cast: Beastly Appendage |    18 |     2 ||    20
  Use: Potion            |     1 |       ||     1
 Stab: Sleeping          |     8 |     2 ||    10
Armor: Skin              |     4 |     1 ||     5
Dodge: Dodged            |    35 |     4 ||    39

Table legend: (Time is in decaauts)
 A = Elapsed time spent in this place.
 B = Non-inter-level travel time spent in this place.
 C = Inter-level travel time spent in this place.
 D = Time resting spent in this place.
 E = Time spent auto-exploring this place.
 F = Levels seen in this place.
 G = Mean time per level.
                   A        B        C        D        E       F      G
               +--------+--------+--------+--------+--------+-----+--------+
         Total |   1829 |   1823 |      6 |    502 |   1031 |   2 |  914.5 |
       Dungeon |   1829 |   1823 |      6 |    502 |   1031 |   2 |  914.5 |
               +--------+--------+--------+--------+--------+-----+--------+

Top non-repeatable levels by time:
     D:1: 1107 daAuts
     D:2: 721 daAuts
